[Event "ICC tourney 2833 (40 10)"]
[Site "Internet Chess Club"]
[Date "2022.02.26"]
[Round "2"]
[White "JING, ANDREW:andrewj508"]
[Black "S.M, UMER:uncrackable"]
[Result "0-1"]
[ICCResult "White resigns"]
[WhiteElo "1466"]
[BlackElo "1771"]
[Opening "Queen's pawn: London system"]
[ECO "A45"]
[NIC "QP.07"]
[Time "13:16:08"]
[PlyCount "118"]
[TimeControl "2400+10"]

1. d4 Nf6 2. Bf4 g6 3. Nd2 d5 4. e3 Bg7 5. c3 O-O 6. Ngf3 c5 7. Bd3 Nc6 8.
O-O Qb6 9. Qc2 c4 10. Be2 Bf5 11. Qc1 Nh5 12. Re1 Nxf4 13. exf4 Qc7 14. Nf1
Bh6 15. g3 Rfe8 16. Ne3 Be4 17. Nd2 Na5 18. Nxe4 dxe4 19. Qc2 f5 20. Bf1 b5
21. a4 Nb3 22. Ra3 a6 23. Rd1 e6 24. axb5 axb5 25. d5 Rxa3 26. bxa3 Bf8 27.
a4 Bc5 28. axb5 Bxe3 29. fxe3 Qc5 30. dxe6 Qxe3+ 31. Qf2 Qxc3 32. b6 e3 33.
Qe2 Nd2 34. b7 Qb3 35. e7 Qxb7 36. Qxe3 Nxf1 37. Qe6+ Kg7 38. Rxf1 Qa7+ 39.
Kg2 Rxe7 40. Qxc4 Rc7 41. Qe2 Re7 42. Qb2+ Kh6 43. Rf2 Qa8+ 44. Kg1 Qa6 45.
Qh8 Re1+ 46. Kg2 Qc6+ 47. Kh3 Re8 48. Qd4 Re4 49. Qd8 Re8 50. Qg5+ Kg7 51.
Rd2 h6 52. Qh4 Qb5 53. Kg2 Re1 54. Rf2 Qd5+ 55. Kh3 Qd3 56. Kg2 Qd4 57. Rf3
Qd5 58. g4 Qd1 59. Qf2 Re2 {White resigns} 0-1

[Event "ICC tourney 2833 (40 10)"]
[Site "Internet Chess Club"]
[Date "2022.02.26"]
[Round "2"]
[White "Feng, Jay:TheDeadlyPawn"]
[Black "GUO, ELLA:SunnyCountry"]
[Result "1-0"]
[ICCResult "Black resigns"]
[WhiteElo "1569"]
[BlackElo "1379"]
[Opening "Queen's pawn, Mason variation"]
[ECO "D00"]
[NIC "QP.08"]
[Time "13:16:08"]
[PlyCount "75"]
[TimeControl "2400+10"]

1. d4 d5 2. Bf4 Nf6 3. e3 e6 4. Nd2 c5 5. c3 Nc6 6. Ngf3 b6 7. Bd3 Bb7 8.
O-O Bd6 9. Bg3 O-O 10. Ne5 Qc7 11. f4 a5 12. Qe2 h6 13. Bh4 Be7 14. g4 Nh7
15. Bxe7 Qxe7 16. Rf3 Nxe5 17. fxe5 Ng5 18. Rg3 c4 19. Bc2 f6 20. h4 Nh7 21.
exf6 Qxf6 22. Rh3 Qe7 23. Nf3 Bc8 24. Ne5 Qe8 25. Bg6 Qe7 26. Bxh7+ Kxh7 27.
Qc2+ Kg8 28. Ng6 Qf6 29. Nxf8 Qxf8 30. Rf1 Qe7 31. Qg6 Bd7 32. Rhf3 Qxh4 33.
Qf7+ Kh8 34. Qxd7 Qxg4+ 35. Kf2 Qh4+ 36. Ke2 Qh2+ 37. R1f2 Qh5 38. Qxe6
{Black resigns}
1-0

[Event "ICC tourney 2833 (40 10)"]
[Site "Internet Chess Club"]
[Date "2022.02.26"]
[Round "2"]
[White "NEMMALI, PRATEEK R:Priccchess"]
[Black "ZHUGE, KATHERINE:FlowingMelody"]
[Result "1-0"]
[ICCResult "Black resigns"]
[WhiteElo "1816"]
[BlackElo "1359"]
[Opening "Sicilian: Anderssen variation"]
[ECO "B41"]
[NIC "SI.41"]
[Time "13:16:03"]
[PlyCount "81"]
[TimeControl "2400+10"]

1. e4 c5 2. Nf3 e6 3. d4 cxd4 4. Nxd4 Nf6 5. Nc3 Nc6 6. Nxc6 bxc6 7. e5 Nd5
8. Ne4 Qc7 9. f4 Bb4+ 10. c3 Be7 11. Qg4 O-O 12. h4 f5 13. exf6 Nxf6 14.
Nxf6+ Bxf6 15. Bd3 Qb6 16. Qh5 g6 17. Qg4 Ba6 18. Bc2 Qc5 19. h5 Bxc3+ 20.
bxc3 Qxc3+ 21. Kd1 Qd4+ 22. Ke1 Qxa1 23. Kf2 Qd4+ 24. Be3 Qc3 25. Rc1 Bd3
26. Bb3 Qf6 27. Rc5 Bf5 28. Qg3 Qb2+ 29. Kg1 Qe2 30. hxg6 Bxg6 31. f5 Qb2
32. fxg6 Qb1+ 33. Kh2 hxg6 34. Bc2 Qb2 35. Bxg6 Qb8 36. Re5 Kh8 37. Rh5+ Kg7
38. Bd4+ Rf6 39. Rh7+ Kg8 40. Bxf6 Qxg3+ 41. Kxg3 {Black resigns} 1-0

[Event "ICC tourney 2833 (40 10)"]
[Site "Internet Chess Club"]
[Date "2022.02.26"]
[Round "2"]
[White "SHANKAR, AASHRITHA VIDHYA:aashushankar"]
[Black "WU, NATHAN:nwazus"]
[Result "1/2-1/2"]
[ICCResult "Game drawn by mutual agreement"]
[WhiteElo "1450"]
[BlackElo "1152"]
[Opening "Caro-Kann: advance variation"]
[ECO "B12"]
[NIC "CK.04"]
[Time "13:16:04"]
[PlyCount "98"]
[TimeControl "2400+10"]

1. e4 c6 2. d4 d5 3. e5 Bf5 4. Nd2 e6 5. Nb3 h6 6. Be2 Ne7 7. Nf3 Nd7 8. h3
g5 9. Bd2 Bg7 10. c3 O-O 11. O-O Qc7 12. Rc1 Rac8 13. Be3 a6 14. c4 dxc4 15.
Bxc4 Nb6 16. Bd3 Nbd5 17. Bxf5 Nxf5 18. Bd2 Qd8 19. Qc2 Nfe7 20. Rfd1 Ng6
21. g3 Nge7 22. Nc5 Nc7 23. Nxb7 Qd5 24. Qd3 Rb8 25. Nd6 Nc8 26. b3 Nxd6 27.
exd6 Qxd6 28. Be3 Nb5 29. Qc4 Rbc8 30. Qa4 Qa3 31. Qxa3 Nxa3 32. Ne5 Bxe5
33. dxe5 Rfd8 34. Rxd8+ Rxd8 35. Rxc6 Ra8 36. f4 gxf4 37. Bxf4 Kg7 38. Kf2
a5 39. Bc1 Nb5 40. Bb2 a4 41. b4 Rd8 42. Ke3 a3 43. Bc1 Rd1 44. Rc5 Kg6 45.
Ke2 Rd5 46. Rxd5 exd5 47. Kd3 Kf5 48. Bf4 h5 49. h4 f6
{Game drawn by mutual agreement}
1/2-1/2

[Event "ICC tourney 2833 (40 10)"]
[Site "Internet Chess Club"]
[Date "2022.02.26"]
[Round "2"]
[White "DUDEK, CASIMIR:K06-30101045"]
[Black "QI, JENNY:eevee11"]
[Result "1-0"]
[ICCResult "Black checkmated"]
[WhiteElo "1713"]
[BlackElo "1402"]
[Opening "Scandinavian defense"]
[ECO "B01"]
[NIC "SD.03"]
[Time "13:16:04"]
[PlyCount "131"]
[TimeControl "2400+10"]

1. e4 d5 2. exd5 Nf6 3. Nc3 Nxd5 4. Nf3 Bg4 5. Bc4 e6 6. O-O Be7 7. Re1 Nc6
8. Bb5 Qd7 9. h3 Bxf3 10. Qxf3 a6 11. Ba4 b5 12. Bb3 Nxc3 13. dxc3 O-O 14.
Bf4 Na5 15. Rad1 Qc8 16. a3 Nxb3 17. cxb3 c6 18. Bd6 Bxd6 19. Rxd6 Qb7 20.
Qxc6 Qxc6 21. Rxc6 Rfd8 22. Re2 Kf8 23. f3 Ke8 24. a4 Rd5 25. axb5 axb5 26.
c4 Rh5 27. Rd2 Rd8 28. Rxd8+ Kxd8 29. Rd6+ Kc7 30. Ra6 Kb7 31. Ra5 Rc5 32.
cxb5 Kb6 33. Ra6+ Kb7 34. Ra4 Rxb5 35. b4 Kc7 36. Kf2 Kb7 37. Ke3 Rd5 38.
Ke2 Rd6 39. Ra3 Rd8 40. Rc3 Rd5 41. Ke3 Rd6 42. g4 h6 43. f4 Rc6 44. Kd4 Kb6
45. Rxc6+ Kxc6 46. Ke5 Kc7 47. f5 exf5 48. gxf5 Kc6 49. f6 g6 50. b5+ Kc7
51. b6+ Kc6 52. b7 Kxb7 53. Kd6 h5 54. h4 g5 55. hxg5 h4 56. g6 h3 57. g7 h2
58. g8=Q h1=Q 59. Qxf7+ Ka6 60. Qc4+ Kb6 61. Qc5+ Ka6 62. Qc6+ Qxc6+ 63.
Kxc6 Ka5 64. f7 Ka4 65. f8=Q Ka5 66. Qa3# {Black checkmated} 1-0

[Event "ICC tourney 2833 (40 10)"]
[Site "Internet Chess Club"]
[Date "2022.02.26"]
[Round "2"]
[White "SARAFUDINOV, ANDREY:whyyoutrysohard"]
[Black "LIN, LEIA:K05-17110828"]
[Result "1/2-1/2"]
[ICCResult "Game drawn by mutual agreement"]
[WhiteElo "1535"]
[BlackElo "1316"]
[Opening "Catalan: closed, 5.Nf3"]
[ECO "E06"]
[NIC "CA.04"]
[Time "13:16:05"]
[PlyCount "173"]
[TimeControl "2400+10"]

1. d4 Nf6 2. c4 e6 3. g3 d5 4. Nf3 Be7 5. Bg2 O-O 6. O-O b6 7. Qc2 Bb7 8.
cxd5 exd5 9. Bf4 Nc6 10. Nc3 Re8 11. Rfd1 Bf8 12. a3 h6 13. Nb5 Rc8 14. Ne5
Nxe5 15. dxe5 Nh5 16. Nxa7 Ra8 17. Nc6 Qd7 18. Nb4 Bxb4 19. axb4 Rxa1 20.
Rxa1 Nxf4 21. gxf4 Rc8 22. e3 c5 23. bxc5 bxc5 24. Qe2 Qf5 25. Rd1 Qe6 26.
Qb5 Ba8 27. h3 Qg6 28. Qd7 Rf8 29. Qg4 Qb6 30. Bxd5 Qxb2 31. Qd7 Bxd5 32.
Qxd5 Rc8 33. Qd7 Qb8 34. Qe7 c4 35. e6 fxe6 36. Rd7 Qb1+ 37. Kh2 Qg6 38.
Rd8+ Rxd8 39. Qxd8+ Kh7 40. Qd4 Qd3 41. Qe5 Qd5 42. Qc3 Qe4 43. Qb2 Qd3 44.
Qe5 Qf5 45. Qc3 Qe4 46. Qb2 Kg6 47. Qa3 Qc2 48. Kg3 c3 49. Qe7 Qf5 50. Qe8+
Qf7 51. Qc8 Qf6 52. Qc6 Kh7 53. f3 Qg6+ 54. Kh2 Qf6 55. Qc4 Kg6 56. Qe4+ Qf5
57. Qc4 Qc2+ 58. Kg3 Kf7 59. Qc7+ Kg8 60. Qc8+ Kh7 61. e4 Qc1 62. Qxe6 Qg1+
63. Kh4 Qf2+ 64. Kg4 Qg2+ 65. Kh4 c2 66. Qf5+ Qg6 67. Qc5 Qf6+ 68. Kg3 Qb2
69. Qf5+ Kg8 70. Qc8+ Kf7 71. Qd7+ Kf6 72. Qd6+ Kf7 73. Qd7+ Kg8 74. Qc8+
Kh7 75. Qf5+ g6 76. Qd7+ Qg7 77. Qc8 Qb2 78. Qd7+ Kg8 79. Qe8+ Kg7 80. Qe7+
Kg8 81. Qe8+ Kh7 82. Qd7+ Kg8 83. Qe8+ Kg7 84. Qe7+ Kh8 85. Qd8+ Kh7 86.
Qd7+ Qg7 87. Qc8 {Game drawn by mutual agreement} 1/2-1/2

[Event "ICC tourney 2833 (40 10)"]
[Site "Internet Chess Club"]
[Date "2022.02.26"]
[Round "3"]
[White "WILLY, STEPHEN:stephenwilly"]
[Black "Ledas, Armandas:ArmandasLedas"]
[Result "1-0"]
[ICCResult "Black checkmated"]
[WhiteElo "1817"]
[BlackElo "1361"]
[Opening "Sicilian: Alapin's variation (2.c3)"]
[ECO "B22"]
[NIC "SI.46"]
[Time "15:30:56"]
[PlyCount "41"]
[TimeControl "2400+10"]

1. e4 c5 2. c3 Nc6 3. d4 cxd4 4. cxd4 Nf6 5. d5 Ne5 6. f4 Ng6 7. e5 Ng8 8.
Nf3 d6 9. Qb3 Qc7 10. Nc3 a6 11. e6 fxe6 12. dxe6 Nf6 13. Qa4+ Kd8 14. Ng5
b5 15. Bxb5 axb5 16. Qxa8 Rg8 17. Nxb5 Qc5 18. Bd2 Ng4 19. Ba5+ Ke8 20. Nc7+
Kd8 21. Nf7# {Black checkmated} 1-0

[Event "ICC tourney 2833 (40 10)"]
[Site "Internet Chess Club"]
[Date "2022.02.26"]
[Round "3"]
[White "ZHUGE, KATHERINE:FlowingMelody"]
[Black "Manley, Nicholas:NickManley1987"]
[Result "1-0"]
[ICCResult "Black resigns"]
[WhiteElo "1359"]
[BlackElo "1167"]
[Opening "Ruy Lopez: Marshall counter-attack, 11...c6"]
[ECO "C89"]
[NIC "RL.17"]
[Time "15:31:01"]
[PlyCount "46"]
[TimeControl "2400+10"]

1. e4 e5 2. Nf3 Nc6 3. Bb5 a6 4. Ba4 Nf6 5. O-O Be7 6. Re1 b5 7. Bb3 O-O 8.
c3 d5 9. exd5 Nxd5 10. Nxe5 Nxe5 11. Rxe5 c6 12. d3 Bd6 13. Re1 Qh4 14. g3
Qh3 15. Re4 Nf6 16. Rh4 Qf5 17. Bf4 Bc5 18. d4 Bb6 19. Bd6 Re8 20. Rf4 Qd7
21. Be5 Ng4 22. Bxf7+ Kh8 23. Bxe8 Qxe8 {Black resigns} 1-0

[Event "ICC tourney 2833 (40 10)"]
[Site "Internet Chess Club"]
[Date "2022.02.26"]
[Round "3"]
[White "Mishra, Abhinav:acm9000"]
[Black "BRUDNO, STEPHEN:StevChess01"]
[Result "0-1"]
[ICCResult "White resigns"]
[WhiteElo "1242"]
[BlackElo "1449"]
[Opening "Sicilian: O'Kelly variation"]
[ECO "B28"]
[NIC "SI.43"]
[Time "15:30:58"]
[PlyCount "84"]
[TimeControl "2400+10"]

1. e4 c5 2. Nf3 a6 3. d4 cxd4 4. Nxd4 Nf6 5. Nc3 e5 6. Nf3 Bb4 7. Bd2 d6 8.
Bd3 O-O 9. O-O Qc7 10. a3 Bxc3 11. Bxc3 Nbd7 12. Qd2 Nc5 13. Rfe1 Na4 14.
Rab1 Nxc3 15. bxc3 Be6 16. Rb2 Rab8 17. Reb1 Rfc8 18. h3 b5 19. a4 Bc4 20.
Bxc4 Qxc4 21. axb5 axb5 22. Qxd6 Nxe4 23. Qxe5 Nxc3 24. Rb4 Nxb1 25. Rxc4
bxc4 26. Nd4 c3 27. Nc6 Re8 28. Qxb8 Rxb8 29. Nxb8 Na3 30. Kf1 Nxc2 31. Ke2
Nb4 32. Kd1 f6 33. Nd7 Kf7 34. Nc5 Ke7 35. Ne4 c2+ 36. Kc1 Ke6 37. Ng3 Ke5
38. Nf1 Kd4 39. Ne3 Kd3 40. Kb2 Ke2 41. Ng4 Kd2 42. Ne3 c1=Q+ {White
resigns} 0-1

[Event "ICC tourney 2833 (40 10)"]
[Site "Internet Chess Club"]
[Date "2022.02.26"]
[Round "3"]
[White "JACKSON, MASSIMO MATEO:Yeetamus123"]
[Black "ALLEN, SPENCER NATHANIEL:SpencerNA"]
[Result "0-1"]
[ICCResult "White checkmated"]
[WhiteElo "1470"]
[BlackElo "1622"]
[Opening "Caro-Kann: exchange, Rubinstein variation"]
[ECO "B13"]
[NIC "CK.02"]
[Time "15:31:00"]
[PlyCount "142"]
[TimeControl "2400+10"]

1. e4 c6 2. d4 d5 3. exd5 cxd5 4. Bd3 Nc6 5. c3 Nf6 6. Bf4 Bg4 7. Qb3 Qd7 8.
Nd2 e6 9. Ngf3 Bd6 10. Ne5 Bxe5 11. Bxe5 O-O 12. Bxf6 gxf6 13. O-O Bh5 14.
Qc2 Bg6 15. Nf3 Rfc8 16. Qd2 Qd6 17. Rfe1 Rab8 18. Nh4 b5 19. Nxg6 hxg6 20.
Re3 Kg7 21. Rg3 b4 22. Re1 bxc3 23. bxc3 Na5 24. Qc2 f5 25. Qd2 Rh8 26. Qg5
Rh5 27. Qxh5 Qxg3 28. Qxf5 Qxh2+ 29. Kxh2 gxf5 30. Rb1 Rc8 31. Rc1 Nc4 32.
Bxc4 Rxc4 33. Kg3 Ra4 34. Rc2 Ra3 35. Kf4 Kf6 36. g4 fxg4 37. Kxg4 Ra6 38.
f4 Rc6 39. Rc1 Rc8 40. Kf3 Rh8 41. Rc2 Rh3+ 42. Kg4 Rd3 43. a3 Rd1 44. c4
Rxd4 45. c5 Rd1 46. c6 Rg1+ 47. Kf3 Rg8 48. c7 Rc8 49. Ke3 Ke7 50. Kd4 Kd7
51. f5 Rxc7 52. Rxc7+ Kxc7 53. fxe6 fxe6 54. Ke5 Kb6 55. Kd4 Ka5 56. Kc3 Ka4
57. Kb2 e5 58. Ka2 e4 59. Kb1 Kxa3 60. Kc2 Kb4 61. Kb2 d4 62. Kc2 a5 63. Kb2
a4 64. Kb1 Kc4 65. Kc2 e3 66. Kc1 Kd3 67. Kb1 e2 68. Kb2 e1=Q 69. Ka2 Qb4
70. Ka1 Kc2 71. Ka2 Qb2# {White checkmated} 0-1

[Event "ICC tourney 2833 (40 10)"]
[Site "Internet Chess Club"]
[Date "2022.02.26"]
[Round "3"]
[White "WU, NATHAN:nwazus"]
[Black "INDUKURI, SUHAS:K01-16887781"]
[Result "0-1"]
[ICCResult "White checkmated"]
[WhiteElo "1152"]
[BlackElo "1458"]
[Opening "French: advance, Paulsen attack"]
[ECO "B40"]
[NIC "SI.43"]
[Time "15:31:04"]
[PlyCount "124"]
[TimeControl "2400+10"]

1. e4 c5 2. Nf3 e6 3. c3 Nc6 4. d4 d5 5. e5 Qb6 6. Nbd2 cxd4 7. cxd4 Bb4 8.
a3 Bxd2+ 9. Qxd2 Bd7 10. Be2 Na5 11. Qb4 Qxb4+ 12. axb4 Nb3 13. Rb1 Nxc1 14.
Rxc1 Ne7 15. O-O Nc6 16. b5 Ne7 17. Ra1 O-O 18. Rfc1 Rac8 19. Rc3 Ng6 20. g3
f6 21. exf6 gxf6 22. Rxa7 Rxc3 23. bxc3 Rb8 24. Bd3 Kf7 25. b6 Ke8 26. Nd2
Bc6 27. Nb3 e5 28. Nc5 e4 29. Bc2 Ne7 30. f3 Nc8 31. fxe4 Nxa7 32. exd5 Bxd5
33. bxa7 Ra8 34. Bxh7 Rxa7 35. Be4 Ra1+ 36. Kf2 Ra2+ 37. Kg1 Bxe4 38. Nxe4
Ke7 39. Kf1 Rxh2 40. Kg1 Rb2 41. Nf2 Rc2 42. Ne4 f5 43. Nc5 b6 44. Na4 b5
45. Nb6 Ke6 46. d5+ Kd6 47. Nc8+ Kxd5 48. Ne7+ Ke5 49. Nc6+ Ke4 50. Nb4 Rxc3
51. Kg2 Rc4 52. Na6 b4 53. Nb8 b3 54. Nd7 b2 55. Nf6+ Kd4 56. Kf3 b1=Q 57.
g4 Qd3+ 58. Kf4 Kc3+ 59. Kg5 fxg4 60. Kh4 Qh3+ 61. Kg5 Rc5+ 62. Kf4 Qf3#
{White checkmated}
0-1

[Event "ICC tourney 2833 (40 10)"]
[Site "Internet Chess Club"]
[Date "2022.02.26"]
[Round "3"]
[White "NATHA, NIRAV:K05-15969775"]
[Black "Nestler, Matthew:nessie"]
[Result "0-1"]
[ICCResult "White resigns"]
[WhiteElo "1602"]
[BlackElo "1830"]
[Opening "Caro-Kann: exchange variation"]
[ECO "B13"]
[NIC "CK.02"]
[Time "15:30:58"]
[PlyCount "88"]
[TimeControl "2400+10"]

1. e4 c6 2. d4 d5 3. exd5 cxd5 4. Bd3 Nf6 5. c3 Bg4 6. Qb3 Qc7 7. Be3 e6 8.
h3 Bh5 9. Nd2 Bd6 10. Ngf3 Nbd7 11. O-O Bg6 12. Bxg6 hxg6 13. Rac1 Qb6 14.
c4 Qxb3 15. axb3 dxc4 16. bxc4 a6 17. Ng5 O-O 18. Nge4 Be7 19. Bf4 Nxe4 20.
Nxe4 Nf6 21. Nc3 Rfd8 22. Rfd1 Rd7 23. Rd2 Rad8 24. Rcd1 Bd6 25. Bxd6 Rxd6
26. d5 exd5 27. Nxd5 Nxd5 28. Rxd5 Rxd5 29. cxd5 Kf8 30. f4 Ke7 31. Kf2 Kd6
32. Ke3 Re8+ 33. Kf3 Rc8 34. g4 Rc2 35. b4 Rc3+ 36. Ke4 Rc4+ 37. Rd4 Rc3 38.
Rd3 Rxd3 39. Kxd3 Kxd5 40. f5 gxf5 41. g5 g6 42. h4 b6 43. Kc3 Ke4 44. Kd2
Kd4 {White resigns} 0-1

[Event "ICC tourney 2833 (40 10)"]
[Site "Internet Chess Club"]
[Date "2022.02.26"]
[Round "3"]
[White "SCHWETKE, DOUGLAS:Bilbo"]
[Black "Vishwa, Susheel:sushivishwa"]
[Result "1/2-1/2"]
[ICCResult "Game drawn by mutual agreement"]
[WhiteElo "1495"]
[BlackElo "1776"]
[Opening "Catalan: closed"]
[ECO "E01"]
[NIC "CA.01"]
[Time "15:31:05"]
[PlyCount "125"]
[TimeControl "2400+10"]

1. d4 Nf6 2. c4 e6 3. g3 d5 4. Bg2 a6 5. a4 h6 6. Nf3 c5 7. cxd5 Nxd5 8. O-O
cxd4 9. Nxd4 Bc5 10. Nc3 Nxc3 11. bxc3 O-O 12. Ba3 Bxa3 13. Rxa3 Nd7 14. Qc2
Nc5 15. Rd1 Qc7 16. Nb3 Rb8 17. Nxc5 Qxc5 18. Rb3 b6 19. Qb2 b5 20. axb5
Rxb5 21. Rxb5 axb5 22. Qb4 Qe5 23. e3 Qc7 24. Qxb5 Qxc3 25. Qd3 Qxd3 26.
Rxd3 e5 27. h4 Be6 28. Kh2 Rb8 29. Rd2 Rc8 30. Bh3 Bxh3 31. Kxh3 Rc4 32. Kg2
g5 33. hxg5 hxg5 34. Rd8+ Kg7 35. Rd5 Kf6 36. Rd6+ Ke7 37. Ra6 Rb4 38. Kf3
g4+ 39. Kg2 e4 40. Ra5 Kf6 41. Ra6+ Kg5 42. Ra5+ f5 43. Ra8 Rb5 44. Ra6 Rd5
45. Rb6 Ra5 46. Rc6 Ra8 47. Rb6 Rg8 48. Ra6 Rf8 49. Rb6 Rf6 50. Rb5 Ra6 51.
Rb8 Kf6 52. Rf8+ Ke5 53. Re8+ Kd6 54. Rf8 Ra5 55. Rd8+ Kc5 56. Rc8+ Kb4 57.
Rb8+ Kc3 58. Rc8+ Kd3 59. Rd8+ Ke2 60. Rb8 Rd5 61. Rb2+ Kd1 62. Rb1+ Kc2 63.
Ra1 {Game drawn by mutual agreement} 1/2-1/2

[Event "ICC tourney 2833 (40 10)"]
[Site "Internet Chess Club"]
[Date "2022.02.26"]
[Round "3"]
[White "Laido, Olivia:beibeiolivia"]
[Black "DUDEK, CASIMIR:K06-30101045"]
[Result "1-0"]
[ICCResult "Black resigns"]
[WhiteElo "1464"]
[BlackElo "1713"]
[Opening "Sicilian: Alapin's variation (2.c3)"]
[ECO "B22"]
[NIC "SI.47"]
[Time "15:30:54"]
[PlyCount "69"]
[TimeControl "2400+10"]

1. e4 c5 2. c3 Nf6 3. e5 Nd5 4. d4 cxd4 5. cxd4 Nc6 6. Nf3 d6 7. Bc4 Nb6 8.
Bb3 h6 9. Be3 g6 10. O-O Bg7 11. Bf4 O-O 12. Nc3 Bg4 13. exd6 Nxd4 14. dxe7
Qxe7 15. Re1 Bxf3 16. Rxe7 Bxd1 17. Rxd1 Rac8 18. Bxh6 Nxb3 19. Bxg7 Rfe8
20. Rxe8+ Rxe8 21. Bf6 Nc5 22. h3 Ncd7 23. Bd4 Re6 24. f3 a6 25. Ne4 Kf8 26.
Bc3 Ke7 27. Bb4+ Kd8 28. Nc5 Rc6 29. Nxb7+ Kc7 30. Nd6 f5 31. Kh2 Rc2 32.
Ne8+ Kd8 33. Nf6 Kc8 34. Nxd7 Nxd7 35. Bc3 {Black resigns} 1-0

[Event "ICC tourney 2833 (40 10)"]
[Site "Internet Chess Club"]
[Date "2022.02.26"]
[Round "3"]
[White "RAMESH, RAHUL:rockinroll"]
[Black "SARAFUDINOV, ANDREY:whyyoutrysohard"]
[Result "1-0"]
[ICCResult "Black resigns"]
[WhiteElo "1725"]
[BlackElo "1535"]
[Opening "Caro-Kann: exchange, Rubinstein variation"]
[ECO "D00"]
[NIC "QP.08"]
[Time "15:38:12"]
[PlyCount "78"]
[TimeControl "2400+10"]

1. d4 d5 2. Bf4 c5 3. e3 cxd4 4. exd4 Nc6 5. c3 Nf6 6. Bd3 Bg4 7. Qb3 Qd7 8.
Nd2 e6 9. Ngf3 Na5 10. Qb5 Nc6 11. Qb3 Bh5 12. Ne5 Qc8 13. Bb5 a6 14. Bxc6+
bxc6 15. Qa4 Nd7 16. Qxc6 Qxc6 17. Nxc6 Rc8 18. Ne5 Nb6 19. g4 Bg6 20. Nxg6
hxg6 21. Ke2 Kd7 22. Nf3 Bd6 23. Bxd6 Kxd6 24. Ne5 Ke7 25. h4 Rh6 26. Nf3
Nc4 27. b3 Nd6 28. Rhc1 Ne4 29. c4 dxc4 30. bxc4 Rb8 31. Ke3 Nd6 32. c5 Nb5
33. a4 Nc7 34. Rab1 Rhh8 35. Ne5 Nd5+ 36. Kd3 Nb4+ 37. Rxb4 Rxb4 38. Nc6+
Kd7 39. Nxb4 Rb8 {Black resigns} 1-0

[Event "ICC tourney 2833 (40 10)"]
[Site "Internet Chess Club"]
[Date "2022.02.26"]
[Round "3"]
[White "LIN, LEIA:K05-17110828"]
[Black "NEMMALI, PRATEEK R:Priccchess"]
[Result "0-1"]
[ICCResult "White checkmated"]
[WhiteElo "1316"]
[BlackElo "1816"]
[Opening "Philidor's defense"]
[ECO "C41"]
[NIC "KP.10"]
[Time "15:30:59"]
[PlyCount "88"]
[TimeControl "2400+10"]

1. e4 e5 2. Nf3 d6 3. c3 Nf6 4. d3 Be7 5. Be2 O-O 6. O-O c6 7. h3 Re8 8. Be3
Bf8 9. Re1 d5 10. exd5 cxd5 11. Bg5 h6 12. Bh4 Nc6 13. Nbd2 Qd6 14. Bf1 Nh5
15. Qc2 g5 16. Bg3 Nxg3 17. fxg3 f5 18. Rad1 Bg7 19. Qb3 Kh8 20. Kh1 Bd7 21.
Qc2 Qc7 22. Nb3 Rad8 23. Qf2 b6 24. Nfd2 Bc8 25. Be2 Qf7 26. Nf1 Rf8 27. Ne3
Be6 28. Bf3 g4 29. Be2 Qg6 30. Rf1 gxh3 31. gxh3 f4 32. gxf4 exf4 33. Rg1
Qf7 34. Ng4 Qh5 35. Qh2 f3 36. Bf1 Rde8 37. d4 Bf5 38. Nf2 Be4 39. Bb5 Re6
40. Nxe4 dxe4 41. d5 f2 42. Rgf1 Rg6 43. Bxc6 Qf3+ 44. Qg2 Qxg2#
{White checkmated}
0-1

[Event "ICC tourney 2833 (40 10)"]
[Site "Internet Chess Club"]
[Date "2022.02.26"]
[Round "3"]
[White "GUO, ELLA:SunnyCountry"]
[Black "SHANKAR, AASHRITHA VIDHYA:aashushankar"]
[Result "0-1"]
[ICCResult "White resigns"]
[WhiteElo "1379"]
[BlackElo "1450"]
[Opening "Sicilian: Najdorf, Lipnitzky attack"]
[ECO "B86"]
[NIC "SI.13"]
[Time "15:31:05"]
[PlyCount "82"]
[TimeControl "2400+10"]

1. e4 c5 2. Nf3 d6 3. d4 cxd4 4. Nxd4 Nf6 5. Nc3 a6 6. Bc4 e6 7. O-O Be7 8.
Be3 b5 9. Bb3 Bb7 10. f3 O-O 11. a3 Nbd7 12. Qd2 Rc8 13. Rad1 Qc7 14. Kh1
Rfd8 15. Rfe1 Ne5 16. Bg5 h6 17. Bh4 Nc4 18. Bxc4 Qxc4 19. Bg3 d5 20. exd5
Nxd5 21. Nxd5 Rxd5 22. c3 Bf6 23. Bf2 e5 24. b3 Qc7 25. Bg3 Qd8 26. Bf2 exd4
27. cxd4 Qd7 28. Qe3 Rd8 29. h3 Bxd4 30. Qe2 Bxf2 31. Rxd5 Bxd5 32. Qxf2
Bxb3 33. Qe3 Bc4 34. Qe4 Qe6 35. Qh4 Qd6 36. Rc1 Qd2 37. Rg1 Qg5 38. Qf2 Qe7
39. Qb6 Qd6 40. Qa5 Rf8 41. Re1 Be6 {White resigns} 0-1

[Event "ICC tourney 2833 (40 10)"]
[Site "Internet Chess Club"]
[Date "2022.02.26"]
[Round "3"]
[White "S.M, UMER:uncrackable"]
[Black "HE, EDEN:edenhe"]
[Result "1-0"]
[ICCResult "Black resigns"]
[WhiteElo "1771"]
[BlackElo "1457"]
[Opening "Queen's bishop game"]
[ECO "D02"]
[NIC "QP.08"]
[Time "15:30:58"]
[PlyCount "111"]
[TimeControl "2400+10"]

1. d4 d5 2. Nf3 Nf6 3. Bf4 Bf5 4. e3 e6 5. c4 Bb4+ 6. Nc3 Ne4 7. Qb3 a5 8.
a3 Bxc3+ 9. bxc3 b6 10. cxd5 exd5 11. Bb5+ c6 12. Bxb8 cxb5 13. Qxb5+ Qd7
14. Qxb6 O-O 15. Bf4 Nxc3 16. Ne5 Qa4 17. O-O Ne2+ 18. Kh1 Nxf4 19. exf4
Rab8 20. Qa7 f6 21. Nf3 Be4 22. Nd2 Bd3 23. Rfc1 Rbc8 24. Rxc8 Rxc8 25. Qb7
Qc6 26. Qxc6 Rxc6 27. Nb3 a4 28. Nc5 Bg6 29. g4 Be8 30. Rb1 Rc8 31. Rb7 Bc6
32. Ra7 g5 33. fxg5 fxg5 34. Kg2 h6 35. h3 Rf8 36. Ra6 Be8 37. Rxh6 Rf4 38.
Ra6 Rxd4 39. Ne6 Rd3 40. Ra8 Kf7 41. Nxg5+ Ke7 42. Ra7+ Kf6 43. f4 Rxa3 44.
Nf3 Ra1 45. Nd4 Rd1 46. g5+ Kg6 47. Ra6+ Kf7 48. g6+ Kg7 49. Nf5+ Kg8 50. g7
Rd2+ 51. Kg3 d4 52. Rh6 Kf7 53. Rh8 Rd3+ 54. Kg4 Kf6 55. Rxe8 a3 56. g8=Q
{Black resigns}
1-0

[Event "ICC tourney 2833 (40 10)"]
[Site "Internet Chess Club"]
[Date "2022.02.26"]
[Round "3"]
[White "QI, JENNY:eevee11"]
[Black "GHOSH, YOHAN:luckylion"]
[Result "1-0"]
[ICCResult "Black checkmated"]
[WhiteElo "1402"]
[BlackElo "995"]
[Opening "Ruy Lopez: 5.O-O"]
[ECO "C78"]
[NIC "RL.12"]
[Time "15:31:14"]
[PlyCount "113"]
[TimeControl "2400+10"]

1. e4 e5 2. Nf3 Nc6 3. Bb5 a6 4. Ba4 Nf6 5. O-O b5 6. Bb3 Bc5 7. a4 Rb8 8.
c3 d6 9. d4 Bb6 10. a5 Ba7 11. Be3 O-O 12. dxe5 Bxe3 13. exf6 Qxf6 14. fxe3
Ne5 15. Nxe5 Qxe5 16. Qd5 Qe7 17. Nd2 Be6 18. Qd3 Bg4 19. h3 Bd7 20. Nf3 c5
21. Bc2 g6 22. Rfd1 Qe6 23. Qxd6 Qxd6 24. Rxd6 Be6 25. Rxa6 b4 26. cxb4 Rxb4
27. Rb6 Rxb6 28. axb6 Rb8 29. Ng5 Bc4 30. Ra5 Rxb6 31. Rxc5 Ba2 32. Bd3 Rxb2
33. Rc2 Rb1+ 34. Kf2 Ra1 35. Bc4 Bxc4 36. Rxc4 Ra2+ 37. Kf3 h6 38. Nxf7 Kxf7
39. Rc7+ Kf6 40. Rc6+ Kf7 41. e5 Ra7 42. Rf6+ Kg7 43. Rf4 Re7 44. Ke4 Re8
45. h4 g5 46. hxg5 hxg5 47. Rf6 g4 48. Kf5 Kh7 49. e6 g3 50. Rf7+ Kg8 51.
Kf6 Kh8 52. e7 Kg8 53. Rg7+ Kh8 54. Rxg3 Kh7 55. Kf7 Rf8+ 56. Kxf8 Kh8 57.
Rh3# {Black checkmated} 1-0

[Event "ICC tourney 2833 (40 10)"]
[Site "Internet Chess Club"]
[Date "2022.02.26"]
[Round "3"]
[White "OPASKA, MICHAEL:mopaska1106"]
[Black "Feng, Jay:TheDeadlyPawn"]
[Result "1/2-1/2"]
[ICCResult "Game drawn by mutual agreement"]
[WhiteElo "1759"]
[BlackElo "1569"]
[Opening "Nimzo-Indian: classical, Noa variation, 5.a3"]
[ECO "E36"]
[NIC "NI.23"]
[Time "15:32:05"]
[PlyCount "67"]
[TimeControl "2400+10"]

1. d4 Nf6 2. c4 e6 3. Nc3 Bb4 4. Qc2 d5 5. a3 Bxc3+ 6. Qxc3 O-O 7. Bg5 Nbd7
8. Qc2 h6 9. Bh4 c6 10. e3 Qc7 11. Bd3 Re8 12. Ne2 dxc4 13. Bxc4 b5 14. Ba2
Bb7 15. O-O Rac8 16. b4 a5 17. Bg3 Qd8 18. Nf4 Nd5 19. Nd3 Ra8 20. e4 N5f6
21. f3 axb4 22. axb4 Qe7 23. Bb3 Rec8 24. Rfd1 Rxa1 25. Rxa1 Ra8 26. Rxa8+
Bxa8 27. Qa2 Nb6 28. Nc5 Qd8 29. Bf2 Qb8 30. g3 Bb7 31. Qa5 Nbd7 32. Be3
Nxc5 33. dxc5 Qa8 34. Qxa8+ {Game drawn by mutual agreement} 1/2-1/2